 Dungeon Crawl Stone Soup version 0.31-a0-1074-g0b22e4e0f1 (webtiles) character file.

Game seed: 10074871261665139507

776 grandjackal the Trooper (level 7, -24/72 HPs)
             Began as an Ogre Warper on Nov 29, 2023.
             Annihilated by an ogre
             ... wielding a +0 giant club
              (36 damage)
             ... on level 6 of the Dungeon.
             The game lasted 00:08:21 (5438 turns).

grandjackal the Trooper (Ogre Warper)               Turns: 5438, Time: 00:08:22

Health: -24/72     AC:  3    Str: 16    XL:     7   Next: 84%
Magic:  13/13      EV:  9    Int: 16    God:
Gold:   311        SH:  0    Dex:  8    Spells: 4/15 levels left

rFire   . . .        w - +2 mace (heavy)
rCold   . . .        (no shield)
rNeg    . . .        b - +0 robe
rPois   .            (helmet restricted)
rElec   .            (no cloak)
rCorr   .            (gloves unavailable)
SInv    .            (boots unavailable)
Will    .....        (no amulet)
Stlth   +            (no ring)
HPRegen 0.32/turn    (no ring)
MPRegen 0.13/turn

%: no passive effects
@: no status effects
A: large, unfitting armour, tough skin 1
a: no special abilities


You were on level 6 of the Dungeon.
You visited 2 branches of the dungeon, and saw 7 of its levels.
You also visited: Ossuary.

You collected 311 gold pieces.

Inventory:

Hand Weapons
 w - a +2 heavy mace (weapon)
Missiles
 d - 7 darts of dispersal (quivered)
 q - 3 poisoned darts
Armour
 b - a +0 robe (worn)
Wands
 z - a wand of flame (12)
Scrolls
 a - 2 scrolls of identify {unknown}
 e - 2 scrolls of amnesia {unknown}
 f - a scroll of enchant armour {unknown}
 i - 2 scrolls of poison {unknown}
 l - a scroll of revelation {unknown}
 m - 2 scrolls of teleportation {unknown}
 u - a scroll of fog {unknown}
 x - a scroll of fear {unknown}
 y - a scroll of torment {unknown}
 A - a scroll of brand weapon {unknown}
Potions
 c - a potion of resistance {unknown}
 g - 5 potions of degeneration {unknown}
 h - 3 potions of curing {unknown}
 j - 2 potions of attraction {unknown}
 k - a potion of haste {unknown}
 n - 3 potions of ambrosia {unknown}
 o - 4 potions of might {unknown}
 p - a potion of cancellation {unknown}
 r - a potion of mutation {unknown}
 s - a potion of heal wounds {unknown}
 t - 3 potions of lignification {unknown}
 v - a potion of berserk rage {unknown}


   Skills:
 + Level 5.5 Fighting
 + Level 3.9 Maces & Flails
 - Level 1.0 Throwing
 - Level 2.1 Dodging
 - Level 0.1 Stealth
 + Level 4.6 Spellcasting
 + Level 4.5 Translocations
 + Level 2.9 Air Magic


You had 4 spell levels left.
You knew the following spells:

 Your Spells              Type           Power      Damage    Failure   Level
a - Blink                 Tloc           36%        N/A       3%          2
b - Shock                 Conj/Air       32%        1d5       9%          1
c - Vhi's Electric Charg  Tloc/Air       30%        N/A       34%         4
d - Airstrike             Air            6%         2d(1-17)  43%         4

Your spell library contained the following spells:

 Spells                   Type           Power      Damage    Failure   Level
 Lesser Beckoning         Tloc           36%        N/A       3%          2
 Teleport Other           Tloc           18%        N/A       8%          3
 Swiftness                Air            13%        N/A       14%         3
 Manifold Assault         Tloc           18%        N/A       26%         4


Dungeon Overview and Level Annotations

Branches:
Dungeon (6/15)             Temple (1/1) D:5         Ossuary (visited)

Altars:
Dithmenos
Elyvilon
Fedhas
Gozag
Kikubaaqudgha
Makhleb
Nemelex Xobeh
Okawaru
Qazlal
Ru
Sif Muna
Trog
Uskayaw
Vehumet
Wu Jian
Xom
Zin
The Shining One


Innate Abilities, Weirdness & Mutations

You are too large for most types of armour.
You have tough skin. (AC +1)


Message History

You kill the adder!
No target in view!
No target in view!
Found a stone staircase leading down.
There is a stone staircase leading down here.
An ogre comes into view. It is wielding a +0 giant club.
The ogre shouts!
You hear a shout!
The ogre moves out of view.
Casting: Shock (safe; 9% risk of failure)
Confirm with . or Enter, or press ? or * to list all spells.
Aiming: Shock (safe; 9% risk of failure)
Press: ? - help, Shift-Dir - straight line, f - ogre
Aim: an ogre, wielding a +0 giant club (85% to hit)
The zap hits the ogre.
The ogre is lightly wounded.
Unknown command.
You sock the ogre!
The ogre is moderately wounded.
The ogre hits you with a +0 giant club!!
A kobold comes into view. It is wielding a +0 short sword.
You hear a shout!
You bludgeon the ogre!!
The ogre is almost dead.
The ogre hits you with a +0 giant club!
The ogre hits you with a +0 giant club!!
A kobold brigand comes into view.
It is wielding a +0 dagger and quivering poisoned darts.
You are too injured to fight recklessly!
You are too injured to fight recklessly!
You closely miss the ogre.
The ogre is almost dead.
The ogre closely misses you.
You barely miss the ogre.
The ogre is almost dead.
The ogre hits you with a +0 giant club!
* * * LOW HITPOINT WARNING * * *
You completely miss the ogre.
The ogre is almost dead.
The ogre hits you with a +0 giant club!!!
Ouch! That really hurt!
You die...

##+## #.. # ##.
#.# #. #####.## #.
#......# #.
#.#..... ########.
# #......#
#........
#.##.##.###..#
#.#######
#...KKO@..#..###.#
####.##.#......>.#
#.###..#####
#.###.†# #.>....#
#......# #####.##
#.# #.#


You could see a kobold brigand, an ogre and a kobold.

Vanquished Creatures
  A sky beast (D:4)
  5 water moccasin zombies (Ossuary)
  A howler monkey (D:5)
  A hound (D:5)
  A jelly (D:4)
  An orc priest (D:4)
  2 sleepcaps
  An iguana (D:5)
  2 mummies (Ossuary)
  5 adders
  8 adder zombies (Ossuary)
  A dart slug (D:2)
  4 orcs
  10 ball pythons
  6 endoplasms
  4 giant cockroaches
  3 gnoll zombies (Ossuary)
  8 goblins
  11 hobgoblins
  8 kobolds
  2 quokkas (D:1)
  4 bats (D:1)
  10 frilled lizards
  4 hobgoblin zombies (Ossuary)
  7 kobold zombies (Ossuary)
  7 orc zombies (Ossuary)
  3 rats
120 creatures vanquished.

Notes
Turn   | Place    | Note
-------+----------+-------------------------------------------
     0 | D:1      | grandjackal the Ogre Warper began the quest for the Orb.
     0 | D:1      | Reached XP level 1. HP: 22/22 MP: 3/3
   177 | D:1      | Reached XP level 2. HP: 29/29 MP: 5/5
   204 | D:1      | Reached skill level 3 in Fighting
   285 | D:1      | Learned a level 2 spell: Blink
   362 | D:1      | Reached XP level 3. HP: 31/37 MP: 7/7
  1132 | D:2      | Learned a level 1 spell: Shock
  1625 | D:2      | Reached XP level 4. HP: 45/45 MP: 4/8
  2449 | D:4      | Noticed a scorpion
  2516 | D:4      | Found a sand-covered staircase.
  2526 | Ossuary  | Entered an ossuary
  2650 | Ossuary  | Reached skill level 1 in Air Magic
  2650 | Ossuary  | Reached XP level 5. HP: 23/54 MP: 1/9
  2828 | Ossuary  | Reached skill level 4 in Fighting
  2958 | Ossuary  | Reached XP level 6. HP: 32/62 MP: 3/11
  3637 | D:4      | Reached XP level 7. HP: 71/71 MP: 6/13
  3845 | D:4      | Learned a level 4 spell: Vhi's Electric Charge
  3850 | D:4      | Reached skill level 5 in Fighting
  3976 | D:4      | Identified the +3 ring mail of Hedging {Dex+4}
  4625 | D:5      | Entered Level 5 of the Dungeon
  4631 | D:5      | Learned a level 4 spell: Airstrike
  4631 | D:5      | Found a staircase to the Ecumenical Temple.
  4638 | Temple   | Entered the Ecumenical Temple
  5176 | D:5      | Noticed a yak
  5176 | D:5      | Noticed a yak
  5438 | D:6      | Annihilated by an ogre

Illustrated notes

Levels and vault maps discovered:
D:1:      dpeg_arrival_line_fractal, layout_loops_ring, minmay_misc_feat_alley,
          minmay_lizard_pond
D:2:      layout_loops_ring
D:3:      layout_basic
D:4:      layout_basic, enter_ossuary_5, kennysheep_generic_room_5
D:5:      layout_layer_cave, minmay_temple_entry_purple_smoke
D:6:      layout_loops_corners, cheibrodos_worm_habitat
Temple:   regret_index_temple_chain_breaker

Skill      XL: |  1  2  3  4  5  6  7 |
---------------+----------------------+-----
Translocations | 3 4 |  4.5
Maces & Flails | 2 3 |  3.9
Fighting       | 3 4 5 |  5.5
Spellcasting   | 3 4 |  4.6
Air Magic      | 1 2 |  2.9
Throwing       | |  1.0
Dodging        | |  2.1
Stealth        | |  0.1

Action                     |  1- 3 |  4- 6 |  7- 9 || total
---------------------------+-------+-------+-------++-------
  Melee: Mace              |   158 |   145 |    58 ||   361
         Punch             |     1 |     1 |     1 ||     3
   Cast: Shock             |    10 |    69 |    18 ||    97
         Blink             |       |     6 |       ||     6
    Use: Scroll            |       |     1 |       ||     1
   Stab: Sleeping          |     1 |       |       ||     1
 Armour: Robe              |   110 |   154 |    69 ||   333
  Dodge: Dodged            |    91 |    97 |    41 ||   229

Table legend: (Time is in decaauts)
 A = Elapsed time spent in this place.
 B = Non-inter-level travel time spent in this place.
 C = Inter-level travel time spent in this place.
 D = Time resting spent in this place.
 E = Time spent auto-exploring this place.
 F = Levels seen in this place.
 G = Mean time per level.
                   A        B        C        D        E       F      G
               +--------+--------+--------+--------+--------+-----+--------+
         Total |   5567 |   5448 |    119 |   1401 |   2819 |   8 |  695.9 |
       Dungeon |   4450 |   4339 |    111 |    706 |   2799 |   6 |  741.7 |
        Temple |     55 |     47 |      8 |      0 |      0 |   1 |   55.0 |
       Ossuary |   1060 |   1060 |      0 |    695 |     20 |   1 | 1060.0 |
               +--------+--------+--------+--------+--------+-----+--------+

Top non-repeatable levels by time:
     D:4: 1181 daAuts
     D:1: 1155 daAuts
 Ossuary: 1060 daAuts
     D:2: 699 daAuts
     D:3: 634 daAuts
     D:5: 541 daAuts
     D:6: 238 daAuts
  Temple: 55 daAuts
